 Dungeon Crawl Stone Soup version 0.28-a0-1594-ga885d4b3d6 (webtiles) character file.

Game seed: 12268842682723691201

1007 Hasart the Insei (level 8, 0/52 HPs)
             Began as an Octopode Transmuter on Jan 20, 2022.
             Was an Initiate of Gozag.
             Succumbed to an orc wizard's poison
             ... on level 5 of the Dungeon.
             The game lasted 00:09:14 (7647 turns).

Hasart the Insei (Octopode Transmuter)              Turns: 7647, Time: 00:09:15

Health: 0/52       AC:  2    Str: 10    XL:     8   Next: 20%
Magic:  12/13      EV: 21    Int: 17    God:    Gozag
Gold:   188        SH:  0    Dex: 17    Spells: 4/14 levels left

rFire   + . .      SeeInvis .     - Unarmed
rCold   + . .      Faith    .   (shield currently unavailable)
rNeg    . . .      Spirit   .   (helmet currently unavailable)
rPois   .          Reflect  .   (no amulet)
rElec   +          Harm     .   (no ring)
rCorr   +          Rampage  .   (no ring)
Will    .....                   (no ring)
Stlth   ++........              (no ring)
HPRegen 0.17/turn               (no ring)
MPRegen 0.13/turn               (no ring)
                                (no ring)
                                (no ring)

@: lethally poisoned (0 -> -3), spider-form (expiring), resistant, on berserk
cooldown, slowed, very slow
A: venomous fangs, almost no armour, (amphibious), 8 rings, tiny, (camouflage
1), (gelatinous body 1), (nimble swimmer 1), (tentacles)
a: End Transformation, Renounce Religion, Potion Petition, Call Merchant, Bribe
Branch


You were on level 5 of the Dungeon.
You worshipped Gozag.
Gozag was aware of your devotion.
You were a venomous arachnid creature.
You visited 2 branches of the dungeon, and saw 7 of its levels.

You collected 273 gold pieces.
You paid 85 gold pieces to Gozag.

Inventory:

Jewellery
 e - a ring of ice
Wands
 b - a wand of digging (5)
 j - a wand of polymorph (3)
Scrolls
 d - 6 scrolls of identify
Potions
 f - 2 potions of brilliance
 g - 3 potions of haste
 h - a potion of curing {unknown}


   Skills:
 + Level 3.3 Fighting
 + Level 3.8 Dodging
 * Level 5.6 Unarmed Combat
 + Level 3.5 Spellcasting
 + Level 3.9 Transmutations
 * Level 2.0 Ice Magic
 + Level 3.5 Poison Magic


You had 4 spell levels left.
You knew the following spells:

 Your Spells              Type           Power      Damage    Failure   Level
a - Beastly Appendage     Tmut           32%        N/A       11%         1
b - Wereblood             Tmut           16%        N/A       14%         2
c - Spider Form           Tmut/Pois      15%        N/A       26%         3
d - Ice Form              Ice/Tmut       13%        N/A       65%         4

Your spell library contained the following spells:

 Spells                   Type           Power      Damage    Failure   Level


Dungeon Overview and Level Annotations

Branches:
Dungeon (6/15)             Temple (1/1) D:5

Altars:
Ashenzari
Cheibriados
Dithmenos
Elyvilon
Fedhas
Gozag
Hepliaklqana
Kikubaaqudgha
Makhleb
Nemelex Xobeh
Okawaru
Qazlal
Ru
Sif Muna
Trog
Uskayaw
Vehumet
Wu Jian
Xom
Zin
The Shining One

Annotations:
D:3 2 transporters, aMcNicky's ghost, weakling MiFi


Innate Abilities, Weirdness & Mutations

You are a venomous arachnid creature.
You have poisonous fangs.
You are tiny and dextrous.
Your spellcasting is less reliable in this form.
Your armour is entirely melded.
You are incapable of wielding weapons or throwing items.
You cannot wear most types of armour.
((You are amphibious.))
You can wear up to eight rings at the same time.
((Your skin changes colour to match your surroundings (Stealth+).))
((Your rubbery body absorbs attacks. (AC +1, EV +1)))
((You are camouflaged when in or above water. (Stealth+)))
((You have tentacles for arms and can constrict up to eight enemies at once.))


Message History

The orc wizard is moderately wounded.
You feel very sick. The orc warrior closely misses you.
The orc wizard hits you with a +2 dagger of venom.
You are lethally poisoned!
You feel extremely sick.
You feel very sick.
* * * LOW HITPOINT WARNING * * *
You feel very sick.
* * * LOW HITPOINT WARNING * * *
You feel very sick.
There is a stone staircase leading up here.
* * * LOW HITPOINT WARNING * * *
You feel very sick.
You climb upwards.
* * * LOW HITPOINT WARNING * * *
You feel very sick.
There is a stone staircase leading down here.
It was a potion of berserk rage.
A red film seems to cover your vision as you go berserk!
You feel yourself moving faster!
You feel mighty!
* * * LOW HITPOINT WARNING * * *
You feel sick.
You are too berserk!
You feel a strong urge to attack something.
* * * LOW HITPOINT WARNING * * *
You feel sick.
Your transformation is almost over.
You feel your anger nearly subside.
* * * LOW HITPOINT WARNING * * *
You feel sick.
You are no longer berserk.
You are exhausted.
You feel yourself slow down.
* * * LOW HITPOINT WARNING * * *
You feel sick.
It was a potion of resistance.
You feel protected.
You die...
Your body crumbles into a pile of gold.

#.........# #....##.# #
###########..# ####.##.# #
#.......# #..# #.##.# #######
#.#####.# #..# #.##.# #...... #.#
#.# #..##### #.##.# #.##### #.#
###'###......###.##.# #.# # #.#
#.....#.............# #.# #
#.###.♣.♣.#....#.###.#### #.#####
#?....._......(#s# #.# #....#
#.###.♣.♣.##...#.###.#### ####.#
#.# #.....##...#........# #.#
#.#####.####...#####.##.# #.##
#.##.##.# #...# #.##.# #.##
#.##....# #...# #.#..# #.##
#.##.#### #...#####.#.## #.##
#.##)# #####.........#.#######.##
#.##)###......######.............


There were no monsters in sight!

Vanquished Creatures
  A troll (D:5)
  2 ogres
  A phantom (D:4)
  3 scorpions (D:4)
  A jelly (D:5)
  An orc priest (D:4)
  A bullfrog skeleton (D:5)
  2 iguanas
  A hound zombie (D:5)
  A hound skeleton (D:5)
  5 adders
  An ufetubus (D:5)
  An adder skeleton (D:4)
  2 worms
  4 dart slugs
  12 orcs
  6 ball pythons
  9 endoplasms
  2 giant cockroaches
  11 goblins
  5 hobgoblins
  4 jackals (D:1)
  2 quokkas (D:4)
  6 bats
  4 frilled lizards
  12 kobolds
  11 rats
111 creatures vanquished.

Vanquished Creatures (others)
  3 plants (D:2)
3 creatures vanquished.

Grand Total: 114 creatures vanquished

Notes
Turn   | Place    | Note
-------+----------+-------------------------------------------
     0 | D:1      | Hasart the Octopode Transmuter began the quest for the Orb.
     0 | D:1      | Reached XP level 1. HP: 13/13 MP: 3/3
   271 | D:1      | Reached XP level 2. HP: 18/18 MP: 5/5
   655 | D:1      | Learned a level 2 spell: Wereblood
   785 | D:1      | Reached XP level 3. HP: 23/23 MP: 6/6
   982 | D:1      | Found a faded altar of an unknown god.
  1173 | D:1      | Learned a level 3 spell: Spider Form
  2173 | D:2      | Reached XP level 4. HP: 6/28 MP: 4/7
  3417 | D:3      | Found a transporter.
  3419 | D:3      | Noticed aMcNicky's ghost (weakling MiFi)
  3594 | D:3      | Reached skill level 1 in Poison Magic
  3598 | D:3      | HP: 1/29 [poisoned by an adder]
  4121 | D:3      | Found a shadowy altar of Dithmenos.
  4129 | D:3      | Found a transporter.
  4702 | D:4      | Reached skill level 4 in Unarmed Combat
  4702 | D:4      | Reached XP level 5. HP: 12/34 MP: 8/8
  5009 | D:4      | Noticed an ogre
  5016 | D:4      | Killed an ogre
  5017 | D:4      | Reached XP level 6. HP: 39/39 MP: 5/10
  5692 | D:4      | Reached XP level 7. HP: 35/45 MP: 11/11
  5813 | D:4      | Reached skill level 5 in Unarmed Combat
  6266 | D:5      | Entered Level 5 of the Dungeon
  6522 | D:5      | Learned a level 4 spell: Ice Form
  6601 | D:5      | Reached skill level 1 in Ice Magic
  6861 | D:5      | Found a sacrificial altar of Ru.
  6973 | D:5      | Found a radiant altar of Vehumet.
  7031 | D:5      | Found a staircase to the Ecumenical Temple.
  7046 | Temple   | Entered the Ecumenical Temple
  7052 | Temple   | Became a worshipper of Gozag Ym Sagoz the Greedy
  7113 | D:5      | Noticed a troll
  7132 | D:5      | Killed a troll
  7133 | D:5      | Reached XP level 8. HP: 6/52 MP: 11/13
  7643 | D:5      | HP: 3/78 [poisoned by an orc wizard]
  7646 | D:5      | HP: 1/52 [poisoned by an orc wizard]
  7647 | D:5      | Succumbed to an orc wizard's poison

Illustrated notes

Levels and vault maps discovered:
D:1:      saegor_arrival_simple_e, layout_basic,
          hellmonk_ecumenical_altar_heavens_door, serial_park_tiny_pond
D:2:      layout_loops_corners, serial_forest, infiniplex_forest_lined_room_3,
          infiniplex_forest_split, infiniplex_forest_end_2,
          infiniplex_forest_straight_4, infiniplex_forest_lined_ring,
          infiniplex_forest_clump_curved, infiniplex_forest_clump_large
D:3:      layout_loops_ring, grunt_dithmenos_smoke, gammafunk_ghost_arena
D:4:      layout_rooms, minmay_cut_off
D:5:      layout_loops_ring, kennysheep_little_box,
          mainiacjoe_overflow_tiny_flanked, minmay_temple_entry_glassed_door
D:6:      layout_basic, dk_yredelemnul_ordeal, uniq_sigmund, uniq_edmund
Temple:   nicolae_temple_no_exploring_needed

Skill      XL: |  1  2  3  4  5  6  7 |
---------------+----------------------+-----
Poison Magic   | 1 2 3 |  3.5
Fighting       | 2 3 |  3.3
Unarmed Combat | 4 5 |  5.6
Transmutations | 3 |  3.9
Dodging        | 3 |  3.8
Spellcasting   | 3 |  3.5
Ice Magic      | 2 |  2.0

Action                   |  1- 3 |  4- 6 |  7- 9 || total
-------------------------+-------+-------+-------++-------
Melee: Unarmed           |   113 |   129 |    63 ||   305
       Constrict         |    32 |    25 |     7 ||    64
       Tentacles         |    26 |    27 |    11 ||    64
       Kick              |     5 |       |     4 ||     9
       Punch             |     4 |     7 |     2 ||    13
 Cast: Beastly Appendage |     2 |     2 |     1 ||     5
       Wereblood         |     1 |     2 |     1 ||     4
       Spider Form       |       |     3 |     6 ||     9
  Use: Scroll            |       |       |     5 ||     5
       Potion            |       |       |     2 ||     2
 Stab: Sleeping          |     3 |     9 |     2 ||    14
Armor: Skin              |    10 |       |     4 ||    14
Dodge: Dodged            |    79 |    76 |    42 ||   197

Table legend: (Time is in decaauts)
 A = Elapsed time spent in this place.
 B = Non-inter-level travel time spent in this place.
 C = Inter-level travel time spent in this place.
 D = Time resting spent in this place.
 E = Time spent auto-exploring this place.
 F = Levels seen in this place.
 G = Mean time per level.
                   A        B        C        D        E       F      G
               +--------+--------+--------+--------+--------+-----+--------+
         Total |   7623 |   7385 |    238 |    497 |   6020 |   7 | 1089.0 |
       Dungeon |   7610 |   7378 |    232 |    497 |   6020 |   6 | 1268.3 |
        Temple |     12 |      6 |      6 |      0 |      0 |   1 |   12.0 |
               +--------+--------+--------+--------+--------+-----+--------+

Top non-repeatable levels by time:
     D:2: 1859 daAuts
     D:1: 1547 daAuts
     D:3: 1470 daAuts
     D:4: 1370 daAuts
     D:5: 1338 daAuts
     D:6: 24 daAuts
  Temple: 12 daAuts
